 Dungeon Crawl Stone Soup version 0.31-a0-618-g7ca08c1ff9 (webtiles) character file.

Game seed: 8977793468583070089

419 innerfire43 the Ruffian (level 6, -2/46 HPs)
             Began as a Gnoll Shapeshifter on Aug 22, 2023.
             Slain by a white imp (3 damage)
             ... on level 6 of the Dungeon.
             The game lasted 00:03:41 (4268 turns).

innerfire43 the Ruffian (Gnoll Shapeshifter)        Turns: 4268, Time: 00:03:42

Health: -2/46      AC: 10    Str: 16    XL:     6   Next: 93%
Magic:  9/9        EV: 12    Int:  7    God:
Gold:   220        SH:  0    Dex: 13    Spells: 9/9 levels left

rFire   . .          .
                       - Unarmed
rCold   . . .        (shield currently unavailable)
rNeg    . . .        u - +3 ring mail of Happiness {SInv}
rPois   +            q - +0 helmet
rElec   .            (no cloak)
rCorr   .            (no gloves)
SInv    +            r - +0 pair of boots
Will    .....        (no amulet)
Stlth   +            i - ring of poison resistance
HPRegen 0.27/turn    (no ring)
MPRegen 0.11/turn

%: no passive effects
@: flux-form, glowing
A: glow, contaminating, reduced hp, fangs 1, strong nose, distributed training
a: Begin Untransformation


You were on level 6 of the Dungeon.
You were something dangerously unstable.
You visited 1 branch of the dungeon, and saw 6 of its levels.

You collected 220 gold pieces.

Inventory:

Armour
 a - a +0 animal skin
 q - a +0 helmet (worn)
 r - a +0 pair of boots (worn)
 t - the +1 chain mail "Zireatu" {-Cast rC+ Str+4 Stlth+}
   (You found it on level 4 of the Dungeon)

   Str+4:     It affects your strength (+4).
   rC+:       It protects you from cold.
   -Cast:     It prevents spellcasting.
   Stlth+:    It makes you more stealthy.
 u - the +3 ring mail of Happiness (worn) {SInv}
   (You found it on level 4 of the Dungeon)

   SInv:      It lets you see invisible.
Jewellery
 i - a ring of poison resistance (left hand)
Talismans
 c - a beast talisman
 d - a flux talisman (active)
Scrolls
 e - 6 scrolls of identify {unknown}
 h - a scroll of teleportation {unknown}
 k - a scroll of revelation {unknown}
 l - a scroll of vulnerability {unknown}
 m - 4 scrolls of amnesia {unknown}
 o - a scroll of enchant weapon {unknown}
 p - a scroll of silence {unknown}
 s - a scroll of poison {unknown}
 v - a scroll of fear {unknown}
Potions
 b - 3 potions of lignification
 f - 3 potions of heal wounds {unknown}
 g - 2 potions of attraction {unknown}
 j - 2 potions of might {unknown}
 n - a potion of degeneration {unknown}


   Skills:
 + Level 3.4 Fighting
 + Level 2.2 Short Blades
 + Level 2.2 Long Blades
 + Level 2.2 Axes
 + Level 2.2 Maces & Flails
 + Level 2.2 Polearms
 + Level 2.2 Staves
 + Level 2.2 Ranged Weapons
 + Level 2.2 Throwing
 + Level 2.2 Armour
 + Level 5.1 Dodging
 + Level 2.2 Stealth
 + Level 2.2 Shields
 + Level 6.9 Unarmed Combat
 + Level 2.2 Spellcasting
 + Level 1.8 Conjurations
 + Level 1.8 Hexes
 + Level 1.8 Summonings
 + Level 1.8 Necromancy
 + Level 1.8 Translocations
 + Level 1.8 Transmutations
 + Level 1.8 Fire Magic
 + Level 1.8 Ice Magic
 + Level 1.8 Air Magic
 + Level 1.8 Earth Magic
 + Level 1.8 Poison Magic
 + Level 2.4 Invocations
 + Level 2.2 Evocations
 + Level 6.8 Shapeshifting


You had 9 spell levels left.
You didn't know any spells.
Your spell library was empty.

Dungeon Overview and Level Annotations

Branches:
Dungeon (6/15)
 Temple: D:4-7

Altars:
Kikubaaqudgha
Makhleb
Okawaru
Xom


Innate Abilities, Weirdness & Mutations

You are something dangerously unstable.
You glow with magical radiation, making you easy to see and hit.
Foes you strike become dangerously contaminated with magical radiation.
Your maximum health is decreased, since you lack skill for your form.
You are incapable of wielding weapons or throwing items.
You have very sharp teeth.
Your uncanny sense of smell can sniff out nearby items.
Your experience applies equally to all skills.


Message History

You are engulfed in a cloud of scalding steam.
The steam dragon closely misses you. The steam dragon barely misses you.
A white imp comes into view.
You hit the steam dragon but do no damage.
The steam dragon begins to glow.
You bite the steam dragon, but do no damage.
The steam dragon misses you. The steam dragon claws you.
* * * LOW HITPOINT WARNING * * *
You barely miss the steam dragon. The steam dragon breathes steam at you.
The ball of steam misses you.
You hit the steam dragon but do no damage.
The steam dragon glows dangerously bright.
You are engulfed in a cloud of scalding steam.
The steam dragon closely misses you. The steam dragon claws you.
* * * LOW HITPOINT WARNING * * *
You barely miss the steam dragon.
You are engulfed in a cloud of scalding steam.
* * * LOW HITPOINT WARNING * * *
The steam dragon closely misses you.
The steam dragon claws you but does no damage.
Unknown command.
You hit the steam dragon but do no damage.
The steam dragon shudders as magic cascades through it!
The steam dragon twists and deforms.
The steam dragon is heavily wounded.
You are engulfed in a cloud of scalding steam.
You punch the steam dragon!
The steam dragon begins to glow.
The steam dragon is almost dead.
The steam dragon closely misses you. The steam dragon barely misses you.
The white imp hits you.
* * * LOW HITPOINT WARNING * * *
The white imp freezes you.
* * * LOW HITPOINT WARNING * * *
You punch the steam dragon!
You kill the steam dragon!
The steam dragon scales are intact enough to wear.
The white imp laughs crazily.
The white imp hits you.
You die...

# ### # #############
#.. # #...........###.#
## ####.#########.#..##
... ##.....#
##.#.#.#..##
.#.#.#.######...†.......
.......................#
.#.#.#........§#.##.#.##
##...>...####..#B# #
##.......# #..5[#
##.#.###.# #..>.# ##.#..
.........? ##.#...
####.#.## ........ #.#.
##.( .... # .. .#


You could see a white imp.

Vanquished Creatures
  A steam dragon (D:6)
  A sky beast (D:6)
  Blork the orc (D:4)
  Jessica (D:2)
  An orc wizard (D:4)
  3 iguanas
  3 adders
  A white imp (D:6)
  An ufetubus (D:6)
  A dart slug (D:1)
  4 orcs
  7 ball pythons
  9 endoplasms
  5 giant cockroaches
  6 goblins
  5 hobgoblins
  8 jackals
  4 quokkas
  7 bats
  A frilled lizard (D:3)
  7 kobolds
  11 rats
88 creatures vanquished.

Notes
Turn   | Place    | Note
-------+----------+-------------------------------------------
     0 | D:1      | innerfire43 the Gnoll Shapeshifter began the quest for the
                  | Orb.
     0 | D:1      | Reached XP level 1. HP: 17/17 MP: 1/1
    11 | D:1      | Noticed an anaconda
    11 | D:1      | Noticed a wolf
    12 | D:1      | Noticed a swamp drake
   221 | D:1      | Reached XP level 2. HP: 6/23 MP: 2/2
   682 | D:1      | Reached XP level 3. HP: 17/28 MP: 3/3
  1152 | D:2      | Reached skill level 1 in Invocations
  1318 | D:2      | Noticed a golden eye
  1320 | D:2      | Found a faded altar of an unknown god.
  1322 | D:2      | Noticed a great orb of eyes
  1322 | D:2      | Noticed a great orb of eyes
  1322 | D:2      | Noticed an eye of devastation
  1395 | D:2      | Reached skill level 1 in Short Blades
  1395 | D:2      | Reached skill level 1 in Long Blades
  1395 | D:2      | Reached skill level 1 in Axes
  1395 | D:2      | Reached skill level 1 in Maces & Flails
  1395 | D:2      | Reached skill level 1 in Polearms
  1395 | D:2      | Reached skill level 1 in Staves
  1395 | D:2      | Reached skill level 1 in Ranged Weapons
  1395 | D:2      | Reached skill level 1 in Throwing
  1395 | D:2      | Reached skill level 1 in Armour
  1395 | D:2      | Reached skill level 1 in Stealth
  1395 | D:2      | Reached skill level 1 in Shields
  1395 | D:2      | Reached skill level 1 in Spellcasting
  1395 | D:2      | Reached skill level 1 in Evocations
  1419 | D:2      | Noticed Jessica
  1423 | D:2      | Killed Jessica
  1424 | D:2      | Reached XP level 4. HP: 32/34 MP: 5/5
  1808 | D:2      | Reached skill level 1 in Conjurations
  1808 | D:2      | Reached skill level 1 in Hexes
  1808 | D:2      | Reached skill level 1 in Summonings
  1808 | D:2      | Reached skill level 1 in Necromancy
  1808 | D:2      | Reached skill level 1 in Translocations
  1808 | D:2      | Reached skill level 1 in Transmutations
  1808 | D:2      | Reached skill level 1 in Fire Magic
  1808 | D:2      | Reached skill level 1 in Ice Magic
  1808 | D:2      | Reached skill level 1 in Air Magic
  1808 | D:2      | Reached skill level 1 in Earth Magic
  1808 | D:2      | Reached skill level 1 in Poison Magic
  2176 | D:3      | Found an iron altar of Okawaru.
  2269 | D:3      | Found a shimmering altar of Xom.
  2876 | D:4      | Reached XP level 5. HP: 32/40 MP: 6/6
  2927 | D:4      | Identified the +1 chain mail "Zireatu" {-Cast rC+ Str+4
                  | Stlth+}
  3070 | D:4      | Noticed Blork the orc
  3076 | D:4      | Killed Blork the orc
  3140 | D:4      | Reached XP level 6. HP: 45/47 MP: 8/8
  3194 | D:4      | Identified the +3 ring mail of Happiness {SInv}
  3341 | D:4      | Found an ancient bone altar of Kikubaaqudgha.
  3341 | D:4      | Found a burning altar of Makhleb.
  3948 | D:5      | Entered Level 5 of the Dungeon
  3986 | D:5      | Reached skill level 5 in Dodging
  4029 | D:5      | You fall into a shaft and drop 1 floor!
  4098 | D:6      | Noticed a sky beast
  4117 | D:6      | Killed a sky beast
  4257 | D:6      | Noticed a steam dragon
  4267 | D:6      | HP: 1/46 [white imp (3)]
  4268 | D:6      | Killed a steam dragon
  4268 | D:6      | Slain by a white imp

Illustrated notes

Levels and vault maps discovered:
D:1:      onia_arrival_zoo_common, layout_basic, serial_forest,
          infiniplex_forest_clump_medium, infiniplex_forest_straight_1,
          infiniplex_forest_end_1, infiniplex_forest_zigzag_1,
          infiniplex_forest_clump_small, patterned_corridor
D:2:      layout_loops_corners, hellmonk_ecumenical_altar_watching_god,
          uniq_jessica
D:3:      layout_loops_ring, mainiacjoe_overflow_cross_hatched,
          okawaru_gym_becter, nicolae_elevator_lobby_plus
D:4:      layout_loops_ring, gammafunk_temple_overflow_elements, serial_rivers,
          chequers_serial_rivers_micro_a, chequers_serial_rivers_micro_a,
          chequers_serial_rivers_micro_b, chequers_serial_rivers_micro_d,
          chequers_serial_rivers_large_b, uniq_blork_the_orc
D:5:      layout_loops_ring, temple_doors_e
D:6:      layout_loops_ring, old_standard_altar

Skill      XL: |  1  2  3  4  5  6 |
---------------+-------------------+-----
Invocations    | 1 2 |  2.4
Short Blades   | 1 2 |  2.2
Long Blades    | 1 2 |  2.2
Axes           | 1 2 |  2.2
Maces & Flails | 1 2 |  2.2
Polearms       | 1 2 |  2.2
Staves         | 1 2 |  2.2
Ranged Weapons | 1 2 |  2.2
Throwing       | 1 2 |  2.2
Armour         | 1 2 |  2.2
Stealth        | 1 2 |  2.2
Shields        | 1 2 |  2.2
Spellcasting   | 1 2 |  2.2
Evocations     | 1 2 |  2.2
Conjurations   | 1 |  1.8
Hexes          | 1 |  1.8
Summonings     | 1 |  1.8
Necromancy     | 1 |  1.8
Translocations | 1 |  1.8
Transmutations | 1 |  1.8
Fire Magic     | 1 |  1.8
Ice Magic      | 1 |  1.8
Air Magic      | 1 |  1.8
Earth Magic    | 1 |  1.8
Poison Magic   | 1 |  1.8
Fighting       | 3 |  3.4
Dodging        | 5 |  5.1
Unarmed Combat | |  6.9
Shapeshifting  | |  6.8

Action                     |  1- 3 |  4- 6 || total
---------------------------+-------+-------++-------
  Melee: Unarmed           |   126 |   161 ||   287
         Bite              |     9 |    18 ||    27
 Armour: Animal skin       |    11 |    23 ||    34
         Chain mail        |       |     1 ||     1
         Ring mail         |       |    20 ||    20
  Dodge: Dodged            |    82 |    86 ||   168
   Form: Flux              |     1 |       ||     1

Table legend: (Time is in decaauts)
 A = Elapsed time spent in this place.
 B = Non-inter-level travel time spent in this place.
 C = Inter-level travel time spent in this place.
 D = Time resting spent in this place.
 E = Time spent auto-exploring this place.
 F = Levels seen in this place.
 G = Mean time per level.
                   A        B        C        D        E       F      G
               +--------+--------+--------+--------+--------+-----+--------+
         Total |   4260 |   4021 |    239 |      0 |   3458 |   6 |  710.0 |
       Dungeon |   4260 |   4021 |    239 |      0 |   3458 |   6 |  710.0 |
               +--------+--------+--------+--------+--------+-----+--------+

Top non-repeatable levels by time:
     D:4: 1119 daAuts
     D:2: 1043 daAuts
     D:1: 1036 daAuts
     D:3: 747 daAuts
     D:6: 234 daAuts
     D:5: 79 daAuts
